 Dungeon Crawl Stone Soup version bcrawl-1.35.5c (webtiles) character file.

Game seed: 13713768806661132075

108157 Morbidden the Sneak (level 4, -5/25 HPs)
             Began as a Skeleton Archaeologist on Mar 11, 2022.
             Was a Follower of Cheibriados.
             Slain by a bullfrog zombie (8 damage)
             ... on level 3 of the Dungeon.
             The game lasted 00:03:03 (2194 turns).

Morbidden the Sneak (Skeleton Archaeologist)        Turns: 2194, Time: 00:03:04

Health: -5/25      AC:  7    Str: 20    XL:     4   Next: 9%
Magic:  0/6        EV: 11    Int: 15    God:    Cheibriados [*.....]
Gold:   111        SH:  3    Dex:  9    Spells: 5/5 levels left

rFire    . . .     SeeInvis .   a - +0 dagger (venom)
rCold    + . .     Gourm    .   m - +0 buckler
rNeg     + + +     Faith    .   c - +1 robe
rPois    ∞         Spirit   +   d - +1 hat
rElec    .         Reflect  .   (no cloak)
rCorr    .         Clarity  +   (no gloves)
MR       +....                  e - +2 pair of boots
Stlth    ++........             (no amulet)
HPRegen  0.08/turn              n - ring of protection from magic
MPRegen  0.10/turn              (no ring)

@: very slow
A: no food or potions, cold resistance 1, deterioration 1, negative energy
resistance 3, torment resistance, unbreathing, magic shield, sturdy frame 1,
spell healing
a: Bend Time, Renounce Religion


You were on level 3 of the Dungeon.
You worshipped Cheibriados.
Cheibriados was aware of your devotion.
You were not hungry.

You visited 1 branch of the dungeon, and saw 3 of its levels.

You collected 111 gold pieces.

Inventory:

Hand Weapons
 a - a +0 dagger of venom (weapon)
 b - a +0 blowgun
Missiles
 f - 6 curare-tipped needles
 j - 132 javelins (quivered)
 s - 100 poisoned needles
Armour
 c - a +1 robe (worn)
 d - a +1 hat (worn)
 e - a +2 pair of boots (worn)
 m - a +0 buckler (worn)
Jewellery
 n - a ring of protection from magic (left hand)
Scrolls
 g - 2 scrolls of magic mapping
 i - a scroll of enchant weapon {unknown}
 k - a scroll of teleportation {unknown}
 l - a scroll of remove curse {unknown}
 o - 2 scrolls of amnesia
 p - a scroll of noise {unknown}
 q - a scroll of fog
 r - a scroll of fear {unknown}
Miscellaneous
 h - a dusty tome


   Skills:
 * Level 1.3 Fighting
   Level 1.6 Maces & Flails
 + Level 0.2 Throwing
 * Level 3.5 Dodging
 + Level 4.5 Stealth
 + Level 0.1 Shields
 * Level 1.4 Spellcasting
 * Level 0.9 Invocations


You had 5 spell levels left.
You didn't know any spells.
Your spell library was empty.

Dungeon Overview and Level Annotations

Branches:
Dungeon (3/12)

Altars:
Cheibriados


Innate Abilities, Weirdness & Mutations

You do not eat or drink.
You are immune to poison.
Your flesh is cold resistant. (rC+)
Your body sometimes deteriorates upon taking damage.
You are immune to negative energy. (rN+++)
You are immune to unholy pain and torment.
You can survive without breathing.
When hurt, damage is shared between your health and your magic reserves.
Your movements are slightly less encumbered by armour. (ER -2)
Casting spells heals you.


Message History

* * * LOW HITPOINT WARNING * * *
You hit the bullfrog zombie but do no damage.
The bullfrog zombie is almost destroyed.
You block the bullfrog zombie's attack. The bullfrog zombie barely misses you.
Unknown command.
You see here a rat corpse.
The bullfrog zombie hits you but does no damage.
The bullfrog zombie hits you but does no damage.
The bullfrog zombie closely misses you. The bullfrog zombie hits you.
* * * LOW HITPOINT WARNING * * *
Evoke which item? (* to show all) (? for menu, Esc to quit)
Okay, then.
You hit the bullfrog zombie but do no damage.
The bullfrog zombie is almost destroyed.
The bullfrog zombie hits you but does no damage.
You hit the bullfrog zombie.
The bullfrog zombie is almost destroyed.
The bullfrog zombie closely misses you. The bullfrog zombie hits you!
You die...

#......#.... ..
#......##.#.##. .#
#......##†#..#.# .#
#......##.##.#.##.#
####.#†.#.##.#..#.#
#..#.........#.##
##.....#..##....#
#####.##.......#
#.#####.@..#
........Z..#
#..#####...# #..#
#...# #..# #...#
##†#### #....#
##...# #...#


You could see a bullfrog zombie.

Vanquished Creatures
  An adder (D:3)
  2 dart slugs (D:1)
  3 leopard geckos
  6 bats
  3 giant cockroaches (D:1)
  5 goblins
  9 hobgoblins (D:1)
  4 jackals (D:1)
  4 kobolds
  A quokka (D:1)
  2 ball pythons
  2 frilled lizards
  10 rats
52 creatures vanquished.

Notes
Turn   | Place    | Note
-------+----------+-------------------------------------------
     0 | D:1      | Morbidden the Skeleton Archaeologist began the quest for
                  | the Orb.
     0 | D:1      | Reached XP level 1. HP: 12/12 MP: 1/1
    49 | D:1      | Reached skill level 4 in Stealth
    60 | D:1      | Reached XP level 2. HP: 6/16 MP: 2/2
   631 | D:1      | Reached XP level 3. HP: 15/20 MP: 2/4
   989 | D:1      | Reached skill level 1 in Spellcasting
  1209 | D:2      | Found a snail-covered altar of Cheibriados.
  1268 | D:2      | Became a worshipper of Cheibriados the Contemplative
  2147 | D:3      | Reached XP level 4. HP: 25/25 MP: 6/6
  2171 | D:3      | Reached * piety under Cheibriados
  2194 | D:3      | Slain by a bullfrog zombie

Skill      XL: |  1  2  3 |
---------------+----------+-----
Stealth        | 4 |  4.5
Spellcasting   | 1 |  1.4
Fighting       | |  1.3
Maces & Flails | |  1.6
Throwing       | |  0.2
Dodging        | |  3.5
Shields        | |  0.1
Invocations    | |  0.9

Action                   |  1- 3 |  4- 6 || total
-------------------------+-------+-------++-------
Melee: Whip              |   163 |       ||   163
       Dagger            |    24 |    21 ||    45
Throw: Javelin           |    16 |       ||    16
  Use: Scroll            |     3 |       ||     3
 Stab: Distracted        |     1 |       ||     1
       Sleeping          |     3 |     1 ||     4
Armor: Robe              |   103 |     4 ||   107
Dodge: Dodged            |   180 |    15 ||   195
Block: Buckler           |     6 |     3 ||     9
